[Event "*** Titled Tuesday Blitz"]
[Site "Chess.com"]
[Date "2020.05.19"]
[Round "6"]
[White "Oleksandr_Bortnyk"]
[Black "dretch"]
[Result "0-1"]
[WhiteElo "2970"]
[BlackElo "2749"]
[TimeControl "180+1"]
[EndTime "13:08:43 PDT"]
[Termination "dretch won by checkmate"]

1. e4 e6 2. d4 d5 3. Nc3 Nf6 4. Bg5 dxe4 5. Nxe4 Be7 6. Bxf6 Bxf6 7. Nf3 Nd7 8. Bd3 c5 9. Qd2 cxd4 10. Nxf6+ Nxf6 11. Nxd4 e5 12. Nf3 O-O 13. Nxe5 Qd5 14. f4 Rd8 15.
O-O-O Qxa2 16. Bxh7+ Kxh7 17. Qxd8 Bf5 18. Qxa8 Ne4 19.
c4 Qa1+ 20. Kc2 Nc5+ 21. Kc3 Qa5+ 22. Kd4 Qb6 23. Ke3 Nd3+ 24. c5 Qxc5+ 25. Kd2 Qf2+ 26. Kc3 Qxb2+ 27. Kc4 Qb4+ 28. Kd5 Qc5# 0-1

[Event "*** Titled Tuesday Blitz"]
[Site "Chess.com"]
[Date "2020.05.19"]
[Round "6"]
[White "AEMEffi"]
[Black "woodhy"]
[Result "0-1"]
[WhiteElo "2296"]
[BlackElo "2452"]
[TimeControl "180+1"]
[EndTime "13:08:43 PDT"]
[Termination "woodhy won on time"]

1. d4 e6 2. c4 Nf6 3. g3 Bb4+ 4. Bd2 a5 5. Nf3 b6 6. Bg2 Bb7 7. a3 Bxd2+ 8. Nbxd2 O-O 9. Qc2 d6 10. O-O Nbd7 11. b4 e5 12. dxe5 dxe5 13. Ne1 Bxg2 14.
Nxg2 axb4 15. axb4 Qe7 16. Qc3 Rfd8 17. Ne3 Nf8 18. Rxa8 Rxa8 19. Nd5 Nxd5 20. cxd5 Ra4 21. Rb1 e4 22. Nc4 Ng6 23. d6 cxd6 24. Nxb6 Ra2 25. Qc8+ Nf8 26. b5 e3 27. Rf1 Rxe2 28.
Nd5 exf2+ 29. Rxf2 Re1+ 30. Rf1 Qe5 0-1

[Event "*** Titled Tuesday Blitz"]
[Site "Chess.com"]
[Date "2020.05.19"]
[Round "6"]
[White "shav3184"]
[Black "Shivagami"]
[Result "1-0"]
[WhiteElo "2352"]
[BlackElo "2178"]
[TimeControl "180+1"]
[EndTime "13:08:43 PDT"]
[Termination "shav3184 won by resignation"]

1. e4 c5 2. Nf3 d6 3. d4 cxd4 4. Nxd4 Nf6 5. f3 a6 6. c4 g6 7.
Nc3 Bg7 8. Be2 O-O 9. O-O Nc6 10. Be3 Bd7 11. Qd2 Rc8 12. Rac1 e6 13. Rfd1 Ne8 14.
Nxc6 Bxc6 15. c5 d5 16. exd5 exd5 17. Nxd5 Bxd5 18. Qxd5 Qxd5 19. Rxd5 Bxb2 20. Rb1 Nc7 21. Rd7 Rfe8 22. Kf2 Ba3 23. Rb3 Rxe3 24. Kxe3 Bxc5+ 25. Kd2 b6 26. Bc4 Ne6 27. Bxe6 fxe6 28. Rbd3 b5 29.
Rd8+ Rxd8 30. Rxd8+ Kg7 31. Ra8 Bb4+ 32. Kd3 a5 33. Rb8 e5 34. Rxb5 Kf6 35. Ke4 Bc3 36. h4 g5 37. Rb6+ Kf7 38. hxg5 1-0

[Event "*** Titled Tuesday Blitz"]
[Site "Chess.com"]
[Date "2020.05.19"]
[Round "6"]
[White "Buffy7"]
[Black "ChessWarrior7197"]
[Result "0-1"]
[WhiteElo "2637"]
[BlackElo "2919"]
[TimeControl "180+1"]
[EndTime "13:08:45 PDT"]
[Termination "ChessWarrior7197 won on time"]

1. e4 c5 2. Nf3 d6 3. d4 cxd4 4.
Nxd4 Nf6 5. Nc3 a6 6. Be3 e5 7. Nb3 Be6 8. h3 Be7 9. g4 d5 10. exd5 Nxd5 11. Bg2 Nxe3 12. Qxd8+ Bxd8 13. fxe3 Bh4+ 14.
Ke2 Nc6 15. Nd5 O-O-O 16. Rhd1 h5 17. Nb6+ Kc7 18. Nd5+ Kb8 19. Nc5 hxg4 20. hxg4 Bxg4+ 21. Bf3 Bxf3+ 22. Kxf3 f5 23. Ne6 Rd7 24. c4 g5 25. Rh1 g4+ 26. Ke2 g3 27. Rag1 Rdh7 28. b4 Rg8 29. b5 axb5 30. cxb5 Na7 31. b6 Nc8 32. Rh3 Rh6 33. Nc5 Rd8 34. Nb4 Rxb6 35. Nbd3 Be7 36. Rhxg3 e4 37. Rg8 exd3+ 0-1

[Event "*** Titled Tuesday Blitz"]
[Site "Chess.com"]
[Date "2020.05.19"]
[Round "6"]
[White "ChessicallyInclined"]
[Black "SirMittensofMittensville"]
[Result "1-0"]
[WhiteElo "2510"]
[BlackElo "2629"]
[TimeControl "180+1"]
[EndTime "13:08:45 PDT"]
[Termination "ChessicallyInclined won by resignation"]

1. d4 Nf6 2. c4 e6 3. Nc3 Bb4 4. e3 O-O 5. Ne2 d5 6. a3 Be7 7. cxd5 exd5 8. Nf4 c6 9. Bd3 a5 10. O-O Na6 11. f3 c5 12. Bc2 Nc7 13. Na4 Ne6 14. Nxe6 fxe6 15. dxc5 e5 16. b4 axb4 17. axb4 Qc7 18. Bb2 Be6 19. Nb6 Rad8 20. Bb3 Bxc5 21. bxc5 Qxc5 22. Na4 Qxe3+ 23. Kh1 Qg5 24. Nc5 Bc8 25.
Ra4 Kh8 26. f4 Qh6 27. f5 e4 28. Bd4 b6 29. Ne6 Bxe6 30. fxe6 Ng4 31. Rxf8+ Rxf8 32. h3 Nf6 33. Bxf6 Qxf6 34. Bxd5 e3 35. Re4 Qf2 36. e7 Re8 37. Qd3 Qf6 38. Qxe3 1-0

[Event "*** Titled Tuesday Blitz"]
[Site "Chess.com"]
[Date "2020.05.19"]
[Round "6"]
[White "ajdemipopushi"]
[Black "doons21"]
[Result "1-0"]
[WhiteElo "2318"]
[BlackElo "2536"]
[TimeControl "180+1"]
[EndTime "13:08:46 PDT"]
[Termination "ajdemipopushi won on time"]

1. Nf3 Nf6 2. g3 g6 3. Bg2 Bg7 4. c4 O-O 5. d4 d6 6. Nc3 c6 7. O-O Bf5 8. b3 Ne4 9. Bb2 Nxc3 10.
Bxc3 Be4 11. e3 d5 12. Qe2 a5 13. Rfc1 e6 14. Bf1 Bxf3 15. Qxf3 Nd7 16. a3 f5 17. Qd1 Nf6 18. b4 axb4 19. axb4 dxc4 20. Bxc4 Nd5 21.
Be1 Qb6 22. Qb3 Rxa1 23. Rxa1 Rd8 24. b5 Qc7 25. Ra7 Qb6 26. Qa4 Bf8 27. bxc6 bxc6 28. Kf1 Rc8 29. Ra6 Qb7 30. h4 Be7 31. Ra7 Qb1 32.
Bxd5 Qd3+ 33. Kg1 exd5 34. Rxe7 Qd1 35. Qa7 Qxe1+ 36. Kg2 1-0

[Event "*** Titled Tuesday Blitz"]
[Site "Chess.com"]
[Date "2020.05.19"]
[Round "6"]
[White "Char_dasha"]
[Black "florianschwabeneder"]
[Result "0-1"]
[WhiteElo "2354"]
[BlackElo "2510"]
[TimeControl "180+1"]
[EndTime "13:08:46 PDT"]
[Termination "florianschwabeneder won by resignation"]

1. c4 Nf6 2. Nc3 e5 3. g3 d5 4. cxd5 Nxd5 5. Bg2 Nb6 6. e3 Be7 7. Nge2 O-O 8. O-O Nc6 9. f4 exf4 10. Nxf4 Ne5 11. d4 Ng6 12. Nd3 c6 13. b3 Re8 14.
Qh5 Bg5 15. Ne4 Bh6 16. Nf6+ Kh8 17. Nxe8 Qxe8 18. e4 Bxc1 19. Raxc1 a5 20. e5 a4 21. b4 a3 22. Be4 Kg8 23. Nc5 Na4 24. b5 Qd8 25.
Rcd1 Nc3 26. Rd3 Nxe4 27. Nxe4 h6 28. Nd6 Be6 29. Rdf3 Qb6 30. Nf5 Bxa2 31. Qg4 Be6 32. h4 h5 33. Qg5 a2 34. Ra1 Bxf5 35. Qe3 Be6 36. Kh2 Qxb5 37. Qf2 Qb1 0-1

[Event "*** Titled Tuesday Blitz"]
[Site "Chess.com"]
[Date "2020.05.19"]
[Round "6"]
[White "Marty435"]
[Black "imdarealist"]
[Result "1-0"]
[WhiteElo "2415"]
[BlackElo "2240"]
[TimeControl "180+1"]
[EndTime "13:08:46 PDT"]
[Termination "Marty435 won by resignation"]

1. e4 e5 2. Nf3 Nf6 3. Nxe5 d6 4.
Nf3 Nxe4 5. Nc3 Nxc3 6. dxc3 Be7 7. Be3 Be6 8. Qd2 Nc6 9. O-O-O Qd7 10. Kb1 O-O-O 11.
Nd4 Nxd4 12. Qxd4 c5 13. Qxg7 Qa4 14. b3 Qa5 15. Kb2 Rhg8 16. Qxh7 Bf6 17. Bd2 b5 18.
Qe4 b4 19. Qc6+ Kb8 20. Qf3 Be5 21. h3 d5 22. Kb1 bxc3 23. Bf4 Qa3 24. Bxe5+ Ka8 25.
Bxc3 Rd6 26. Bb2 Qxb3 27. axb3 Rb6 28. Bc4 Rd8 29. Bxd5+ 1-0

[Event "*** Titled Tuesday Blitz"]
[Site "Chess.com"]
[Date "2020.05.19"]
[Round "6"]
[White "IMinTheWings"]
[Black "otrov-11"]
[Result "0-1"]
[WhiteElo "2226"]
[BlackElo "2408"]
[TimeControl "180+1"]
[EndTime "13:08:46 PDT"]
[Termination "otrov-11 won on time"]

1. c4 Nf6 2. Nc3 e6 3. e4 d5 4. e5 d4 5. exf6 dxc3 6. bxc3 Qxf6 7. Nf3 c5 8. Bd3 Nc6 9. Qe2 Be7 10. O-O O-O 11. Be4 Bd7 12. d4 h6 13. d5 Na5 14.
Bd3 exd5 15. cxd5 Bd6 16. c4 Qxa1 17. Bxh6 Qxf1+ 18. Kxf1 Rfe8 19. Be3 b5 20. cxb5 c4 21. Bb1 Bxb5 22. Qc2 g6 23. Qc3 Rxe3 24. fxe3 Nb7 25. e4 a5 26. e5 Bb4 27. Qe3 c3+ 28.
Kf2 Rd8 29. d6 Nxd6 30. exd6 Rxd6 31. Qe8+ Bxe8 0-1

[Event "*** Titled Tuesday Blitz"]
[Site "Chess.com"]
[Date "2020.05.19"]
[Round "6"]
[White "FMOlexandrProhorov"]
[Black "agrigo3"]
[Result "1-0"]
[WhiteElo "2119"]
[BlackElo "2253"]
[TimeControl "180+1"]
[EndTime "13:08:46 PDT"]
[Termination "FMOlexandrProhorov won on time"]

1. e4 d6 2. d4 Nf6 3. Nc3 g6 4.
Bc4 Bg7 5. Qe2 e5 6. dxe5 dxe5 7. Nf3 Qe7 8. Bg5 c6 9. O-O h6 10. Bh4 O-O 11. h3 Nbd7 12. a4 Nc5 13. Bg3 Nh5 14.
Bh2 Nf4 15. Qe3 Nce6 16. Rfd1 g5 17. a5 Nd4 18. Rd2 Be6 19. Bxe6 fxe6 20. Nd1 Nxh3+ 21. Kf1 Nxf3 22. gxf3 Rf7 23. Ke2 Nf4+ 24. Bxf4 exf4 25. Qb3 Be5 26. Nc3 Kg7 27. a6 b6 28. Rg1 Kg6 29. Qc4 Rc8 30. b4 Qe8 31. Nd1 Kf6 32. c3 Rd7 33.
Nb2 Rcd8 34. Rxd7 Rxd7 35. Nd3 Bb8 36. Rh1 Kg6 37. e5 Rd5 38. Qe4+ Kg7 39. c4 Rxd3 40. Kxd3 Bxe5 41. Qxe5+ Kg6 42. Qe4+ 1-0

[Event "*** Titled Tuesday Blitz"]
[Site "Chess.com"]
[Date "2020.05.19"]
[Round "6"]
[White "Kapibara_Warri0r"]
[Black "Jadeit90"]
[Result "1/2-1/2"]
[WhiteElo "2090"]
[BlackElo "2311"]
[TimeControl "180+1"]
[EndTime "13:08:47 PDT"]
[Termination "Game drawn by repetition"]

1. e4 g6 2. d4 Bg7 3. Nc3 c5 4. Be3 cxd4 5. Bxd4 Nf6 6. e5 Ng8 7. e6 Nf6 8. exf7+ Kxf7 9. Bc4+ e6 10. Nf3 Re8 11.
Ne5+ Kg8 12. O-O d5 13. Bb5 Bd7 14. Qf3 Nc6 15. Bxc6 Bxc6 16. Rfe1 Rc8 17. Rad1 b5 18. a3 a5 19. Qh3 b4 20. axb4 axb4 21. Ne2 Bb5 22. c3 Bxe2 23. Rxe2 bxc3 24. bxc3 Qd6 25. Ng4 Nxg4 26. Bxg7 Kxg7 27. Qxg4 Kg8 28. Qd4 Qc5 29. Re3 Re7 30. g3 Qc6 31. Rde1 Rf8 32. Re5 Qd6 33. Qe3 Rfe8 34. Kg2 Qc6 35. Kg1 Qd6 36. Qf4 Qc7 37.
Qe3 Qd6 1/2-1/2

[Event "*** Titled Tuesday Blitz"]
[Site "Chess.com"]
[Date "2020.05.19"]
[Round "6"]
[White "chesslh19"]
[Black "Gromes7"]
[Result "1-0"]
[WhiteElo "2172"]
[BlackElo "2011"]
[TimeControl "180+1"]
[EndTime "13:08:47 PDT"]
[Termination "chesslh19 won by resignation"]

1. e4 c5 2. Nf3 d6 3. d4 cxd4 4. Nxd4 Nf6 5. Nc3 Nc6 6. Be2 e5 7. Nb3 Be7 8. Bg5 Nxe4 9. Nxe4 Bxg5 10. Nxd6+ Kf8 11. Nxc8 Rxc8 12. O-O Qxd1 13. Rfxd1 Ke7 14. c3 Rhd8 15. g3 f5 16. a4 Bf6 17. a5 e4 18. Kf1 Ne5 19. Nd4 g6 20. a6 b6 21.
Nb5 Rxd1+ 22. Rxd1 Nc4 23. Nxa7 Rc5 24. b4 Rc7 25.
Nb5 Rc8 26. a7 Nb2 27. Ra1 Ra8 28. Nc7 1-0

[Event "*** Titled Tuesday Blitz"]
[Site "Chess.com"]
[Date "2020.05.19"]
[Round "6"]
[White "RianKapriaga"]
[Black "Guenplen"]
[Result "0-1"]
[WhiteElo "2219"]
[BlackElo "2953"]
[TimeControl "180+1"]
[EndTime "13:08:48 PDT"]
[Termination "Guenplen won by resignation"]

1. d4 Nf6 2. Nf3 b6 3. Bf4 Bb7 4. e3 e6 5. Nbd2 Be7 6. Bd3 Nh5 7. Bg3 Nxg3 8. hxg3 h6 9. c3 d6 10. a4 a6 11. O-O h5 12. a5 b5 13. c4 bxc4 14. Nxc4 h4 15. g4 h3 16. g3 Nd7 17. e4 Nf6 18. Qe2 d5 19. exd5 Qxd5 20.
Nce5 Nxg4 21. Nxg4 Qxf3 22. Qxf3 Bxf3 23. Nh2 Bd5 24.
Rac1 Kd7 25. f3 Bf6 26. Be4 Bxd4+ 27. Kh1 c6 28. Bxd5 exd5 29. b4 Rab8 30. Rb1 f5 31. g4 g6 32. Rfe1 Rhe8 33. Rxe8 Rxe8 34. Nf1 f4 35.
Kh2 Rh8 36. b5 axb5 37. a6 g5 38. Rd1 Bb6 39. Nd2 Ra8 40. Ra1 c5 41. Kxh3 c4 42.
Kg2 Be3 43. Nf1 Kc6 44. Nxe3 fxe3 45. Kf1 d4 46. Ke2 b4 47. Ra5 b3 48. a7 b2 49. Rb5 Kxb5 0-1

[Event "*** Titled Tuesday Blitz"]
[Site "Chess.com"]
[Date "2020.05.19"]
[Round "6"]
[White "crazy_but_lazy"]
[Black "Konovalova_Vera"]
[Result "1-0"]
[WhiteElo "2346"]
[BlackElo "2150"]
[TimeControl "180+1"]
[EndTime "13:08:48 PDT"]
[Termination "crazy_but_lazy won by resignation"]

1. Nf3 d5 2. g3 Nf6 3. Bg2 Bg4 4. O-O e6 5. c4 c6 6. d4 Be7 7.
Nbd2 O-O 8. b3 Nbd7 9. Bb2 Bf5 10. Re1 Rc8 11. Ne5 Nxe5 12. dxe5 Nd7 13. e4 dxe4 14. Nxe4 Bxe4 15. Bxe4 Nc5 16. Bc2 Qxd1 17. Raxd1 Rfd8 18. Kf1 Rxd1 19. Rxd1 Rd8 20. Ke2 Rxd1 21. Kxd1 Nd7 22. Ke2 h6 23. f4 Kf8 24. h4 Ke8 25. Kf3 Kd8 26. h5 Ke8 27. a3 Nb6 28. Bd3 Nd7 29.
b4 b6 30. g4 c5 31. b5 Kd8 32. a4 Nf8 33. Bc3 Nd7 34. Be4 f6 35. exf6 Bxf6 36. Bd2 Bd4 37. g5 hxg5 38. fxg5 Ne5+ 39. Kg3 Nxc4 40. Bf4 e5 41. Bc1 Nd6 42. Kf3 Ke7 43.
Bd5 Kf8 44. g6 Nf5 45. Bg5 Nh6 46. Ke4 Ng4 47. Bd8 Nf6+ 48. Bxf6 gxf6 49. h6 f5+ 50. Kxf5 e4 51. Kxe4 1-0

[Event "*** Titled Tuesday Blitz"]
[Site "Chess.com"]
[Date "2020.05.19"]
[Round "6"]
[White "manikoloz"]
[Black "KingChess345"]
[Result "1-0"]
[WhiteElo "2468"]
[BlackElo "2207"]
[TimeControl "180+1"]
[EndTime "13:08:48 PDT"]
[Termination "manikoloz won by resignation"]

1. Nf3 c5 2. e3 Nc6 3. c4 Nf6 4. b3 g6 5. Bb2 Bg7 6. Be2 O-O 7. O-O d5 8. cxd5 Qxd5 9. Nc3 Qd6 10. d3 b6 11. a3 Bb7 12. Qc2 e5 13. Rad1 Rad8 14. Rfe1 Rfe8 15. Bf1 h6 16. h3 Kh7 17. Nd2 Nd5 18. Nxd5 Qxd5 19. Nc4 f5 20. Ba1 Qf7 21.
Rb1 f4 22. b4 cxb4 23. axb4 fxe3 24. fxe3 e4 25. d4 Ne7 26. Ne5 Bxe5 27. dxe5 Nf5 28. Rbd1 Rc8 29. Qa4 a6 30. Bxa6 Bxa6 31. Qxa6 Rc2 32.
Qa4 Nxe3 33. Rd7 Rxg2+ 34. Kh1 Re7 35. Rxe7 Qxe7 36. Rxe3 Rd2 37. e6 h5 38. Bc3 Rf2 39.
Qd7 1-0

[Event "*** Titled Tuesday Blitz"]
[Site "Chess.com"]
[Date "2020.05.19"]
[Round "6"]
[White "MidnightFox"]
[Black "rekosheten"]
[Result "1-0"]
[WhiteElo "2482"]
[BlackElo "2351"]
[TimeControl "180+1"]
[EndTime "13:08:49 PDT"]
[Termination "MidnightFox won on time"]

1. e4 c5 2. Nf3 e6 3. d4 cxd4 4. Nxd4 a6 5. Bd3 Nf6 6. O-O Qc7 7. Kh1 Nc6 8. Nxc6 dxc6 9. f4 e5 10. f5 h5 11. Nd2 Bc5 12. Nb3 Ba7 13. c4 Qe7 14.
Qc2 Ng4 15. c5 Bd7 16. h3 b6 17. Kg1 bxc5 18. Bc4 Qh4 19. Bd2 Qg3 20. hxg4 hxg4 21. Be1 Qh2+ 22. Kf2 Rh3 23. Ke2 Qxg2+ 24. Rf2 Qh1 25.
Ba5 Qf3+ 26. Rxf3 gxf3+ 27. Ke3 Ke7 28. Qf2 Rah8 29. Nd2 g6 30. Nxf3 gxf5 31. exf5 Bxf5 32. Kd2 e4 33. Re1 Kf8 34. Kc1 1-0

[Event "*** Titled Tuesday Blitz"]
[Site "Chess.com"]
[Date "2020.05.19"]
[Round "6"]
[White "XiaoKangZhong"]
[Black "powermove"]
[Result "1-0"]
[WhiteElo "2398"]
[BlackElo "1676"]
[TimeControl "180+1"]
[EndTime "13:08:49 PDT"]
[Termination "XiaoKangZhong won on time"]

1. e4 e5 2. Nf3 Nc6 3. Bc4 Nf6 4. d3 Bc5 5. O-O d6 6. c3 a6 7. Bb3 Ba7 8. Nbd2 O-O 9. h3 Ne7 10. Re1 Ng6 11. Nf1 Nh5 12. d4 Nhf4 13. Bxf4 Nxf4 14. dxe5 dxe5 15. Qxd8 Rxd8 16. Nxe5 Be6 17. Bxe6 fxe6 18. Rad1 Rd6 19. Rxd6 cxd6 20. Nc4 Nd3 21. Re2 d5 22. exd5 exd5 23. Nce3 Rd8 24. Rd2 Nf4 25. Nf5 g6 26. Nd4 Kf7 27. Ne3 Bxd4 28. Rxd4 g5 29. g3 Ne2+ 30. Kf1 Nxd4 31. cxd4 Ke6 32. Ke2 Rc8 33. Kd2 b5 34. a3 Rf8 35.
Ke2 Rc8 36. Kd2 Rf8 37. Nd1 Rf7 38. Ke3 h5 39. f3 h4 40. g4 a5 41. b3 Rc7 42. Kd2 b4 43. axb4 axb4 44. Nf2 Rf7 45. Ke2 Rc7 46. Kd2 Rf7 47. Ke3 Ra7 48. Nd3 Ra2 49.
Nxb4 Rh2 50. Nd3 Rxh3 51. Nf2 Rh2 52. Ke2 1-0

[Event "*** Titled Tuesday Blitz"]
[Site "Chess.com"]
[Date "2020.05.19"]
[Round "6"]
[White "GameOverBro"]
[Black "zajka-molotok"]
[Result "1-0"]
[WhiteElo "2517"]
[BlackElo "2331"]
[TimeControl "180+1"]
[EndTime "13:08:50 PDT"]
[Termination "GameOverBro won on time"]

1. e4 e6 2. d4 d5 3. Nd2 Nc6 4. Ngf3 Nf6 5. e5 Nd7 6. c4 dxc4 7. Nxc4 Nb6 8. a3 Be7 9. Be3 O-O 10. Bd3 Nxc4 11.
Bxc4 a6 12. Qc2 Bd7 13. Rd1 h6 14. Ba2 b5 15. Bb1 f5 16. exf6 Bxf6 17. Qh7+ Kf7 18. Bxh6 Rh8 19. Qg6+ Kg8 20. Bf4 Ne7 21. Qe4 Nf5 22.
Bxc7 Qe8 23. Ba2 Rc8 24. Be5 Bd8 25. Qxf5 Rc4 26. Bxc4 bxc4 27. Qg4 Ba5+ 28. Kf1 Qf7 29. Ng5 Qe7 30. Ne4 Bb5 31. Kg1 c3 32. bxc3 Bc4 33. Rb1 Rh4 34. Rb8+ Kh7 35. Ng5+ 1-0

[Event "*** Titled Tuesday Blitz"]
[Site "Chess.com"]
[Date "2020.05.19"]
[Round "6"]
[White "mortngabriel"]
[Black "nitpicker"]
[Result "0-1"]
[WhiteElo "2442"]
[BlackElo "2325"]
[TimeControl "180+1"]
[EndTime "13:08:50 PDT"]
[Termination "nitpicker won on time"]

1. d4 Nf6 2. c4 e6 3. Nf3 b6 4.
g3 Ba6 5. Qc2 Bb7 6. Bg2 c5 7.
d5 b5 8. e4 bxc4 9. O-O Nxe4 10.
Qxe4 Bxd5 11. Qe2 Nc6 12. Nc3 Bxf3 13. Bxf3 Nd4 14. Qd1 Nxf3+ 15. Qxf3 d5 16. Re1 Be7 17. Bf4 O-O 18. Rad1 Bf6 19. Be5 Bxe5 20. Rxe5 Rb8 21. Rd2 Qa5 22. h4 d4 23. Ne4 f5 24. Rxc5 Qb6 25. Re5 fxe4 26. Qxe4 c3 27. bxc3 dxc3 28. Rc2 Qb1+ 29. Kg2 Rb2 30. Rxc3 Rfxf2+ 31. Kh3 Qf1+ 32. Kg4 Qd1+ 33. Rf3 Rxf3 34. Qxf3 Rb4+ 35. Re4 Rxe4+ 0-1

[Event "*** Titled Tuesday Blitz"]
[Site "Chess.com"]
[Date "2020.05.19"]
[Round "6"]
[White "albano87"]
[Black "lucliasco"]
[Result "0-1"]
[WhiteElo "2346"]
[BlackElo "2664"]
[TimeControl "180+1"]
[EndTime "13:08:51 PDT"]
[Termination "lucliasco won by checkmate"]

1. d4 d5 2. Nf3 Nf6 3. g3 Bf5 4. Bg2 c6 5. O-O e6 6. c4 h6 7.
Nc3 Be7 8. Ne5 O-O 9. Qb3 Qc8 10. Bf4 Nbd7 11. Rac1 Nxe5 12. dxe5 dxc4 13. Qxc4 Nd5 14. Qa4 Nxf4 15. gxf4 Rd8 16. Rfd1 Qc7 17. e4 Bg4 18.
Rxd8+ Rxd8 19. Qxa7 Rd2 20. Nb5 Qd8 21. Nd6 Bxd6 22. exd6 Qxd6 23. h3 Bh5 24. Qe3 Re2 25. Qg3 Qd4 26. b3 Qb2 27. Rd1 Rd2 28. Rxd2 Qxd2 29.
a4 Bg6 30. Kh2 Qe1 31. Qe3 Qb4 32. Qf3 f6 33. Qd3 Kh7 34. f5 exf5 35. exf5 Qf4+ 36. Qg3 Qxf5 37. b4 Qc2 38. a5 Qc4 39. Qa3 Bd3 40. Kh1 Be4 41. Qb2 Qf1+ 42. Kh2 Qxg2# 0-1

[Event "*** Titled Tuesday Blitz"]
[Site "Chess.com"]
[Date "2020.05.19"]
[Round "6"]
[White "Incognito2525"]
[Black "ameetghasi100"]
[Result "0-1"]
[WhiteElo "2501"]
[BlackElo "2715"]
[TimeControl "180+1"]
[EndTime "13:08:52 PDT"]
[Termination "ameetghasi100 won by checkmate"]

1. e4 c6 2. d4 d5 3. exd5 cxd5 4. c4 Nf6 5. Nc3 Be6 6. Nf3 Nc6 7. Bg5 h6 8. Bxf6 exf6 9. cxd5 Bxd5 10. Nxd5 Qxd5 11. a3 Be7 12. Be2 O-O 13. O-O Rfd8 14. Rc1 Bf8 15. Bc4 Qd7 16. d5 Ne7 17. Qb3 Nf5 18. Bb5 Qxd5 19. Bc4 Qd7 20. Rfd1 Nd6 21. Bd5 Rac8 22. Rxc8 Qxc8 23. Nd4 a6 24. h3 g6 25. Qd3 Kg7 26. Qf3 Qc5 27. b4 Qc7 28. Qf4 Qe7 29. Nf3 Nb5 30. Re1 Qd7 31. Be4 Bd6 32. Qh4 Re8 33. Re3 f5 34. Bd3 Rxe3 35. fxe3 Be7 36. Qc4 Bf6 37. Bf1 Nxa3 38. Qb3 Nb5 39. Bc4 Nc3 40.
Qc2 b5 41. Bb3 Qe7 42. Nd4 Qxe3+ 43. Kh1 Bxd4 44. Qxc3 Qg1# 0-1

[Event "*** Titled Tuesday Blitz"]
[Site "Chess.com"]
[Date "2020.05.19"]
[Round "6"]
[White "attack2mateU"]
[Black "jlandaw"]
[Result "1-0"]
[WhiteElo "2622"]
[BlackElo "2473"]
[TimeControl "180+1"]
[EndTime "13:08:52 PDT"]
[Termination "attack2mateU won by resignation"]

1. e4 e5 2. Nf3 Nc6 3. Bb5 a6 4. Ba4 Nf6 5. O-O Be7 6. Re1 b5 7. Bb3 d6 8. c3 O-O 9. h3 Na5 10. Bc2 c5 11. d4 Qc7 12. d5 c4 13. b4 cxb3 14. axb3 Nb7 15. Bd3 Bd7 16. b4 a5 17.
Bd2 Rfb8 18. Na3 Nd8 19. Qe2 Qb7 20. Reb1 a4 21. Kh2 Bf8 22. Be3 g6 23. Nd2 Nh5 24. g3 Bg7 25. c4 bxc4 26. Ndxc4 Bf8 27. Nb6 Qxb6 28. Bxb6 Rxb6 29. b5 Nb7 30. Nc4 Rxb5 31. Nb6 Rxb1 32. Rxb1 Rd8 33. Nxd7 Rxd7 34. Bb5 Rc7 35.
Bxa4 Nc5 36. Bc6 Ra7 37. Rb8 Kg7 38. Ra8 Re7 39. f3 Nf6 40. Qb5 h5 41. Qb8 Nh7 42. Qd8 Kf6 43. Qxd6+ Re6 44. Qd8+ Be7 45. Qh8+ 1-0

[Event "*** Titled Tuesday Blitz"]
[Site "Chess.com"]
[Date "2020.05.19"]
[Round "6"]
[White "Hangar-18"]
[Black "Tsyhanchuk_Stanislav"]
[Result "1-0"]
[WhiteElo "2329"]
[BlackElo "2457"]
[TimeControl "180+1"]
[EndTime "13:08:52 PDT"]
[Termination "Hangar-18 won by resignation"]

1. b3 e5 2. Bb2 Nc6 3. c4 Nf6 4.
e3 d5 5. cxd5 Nxd5 6. Nf3 Bd6 7.
Be2 O-O 8. d3 Re8 9. O-O Nb6 10.
a3 Bf5 11. Nbd2 a5 12. Qc2 h6 13. Rfe1 Bh7 14. Bf1 Qf6 15. Rac1 Qg6 16. g3 Qh5 17. Bg2 f5 18. e4 f4 19. d4 fxg3 20. hxg3 exd4 21. Nc4 Nxc4 22. Qxc4+ Kh8 23. Nxd4 Ne5 24. Qc2 Ng4 25. Nf5 Qh2+ 26. Kf1 Bxf5 27. exf5 Bxg3 28. f6 gxf6 29. Rxe8+ Rxe8 30. Qg6 Rf8 31. Qxg4 Be5 32. Bxe5 fxe5 33. Rxc7 1-0

[Event "*** Titled Tuesday Blitz"]
[Site "Chess.com"]
[Date "2020.05.19"]
[Round "6"]
[White "scabies1"]
[Black "vanyakuba"]
[Result "1/2-1/2"]
[WhiteElo "2288"]
[BlackElo "2438"]
[TimeControl "180+1"]
[EndTime "13:08:53 PDT"]
[Termination "Game drawn by repetition"]

1. e4 d5 2. exd5 Qxd5 3. Nc3 Qa5 4. d4 Nf6 5. Nf3 Bg4 6. h3 Bh5 7. g4 Bg6 8. Ne5 e6 9. Bg2 c6 10. O-O Nbd7 11. Nc4 Qa6 12. b3 Nb6 13. Ne5 Nbd5 14. Nxd5 cxd5 15. c4 Bd6 16. cxd5 exd5 17. Nxg6 hxg6 18.
Re1+ Kd7 19. g5 Ne4 20. Qg4+ Kc7 21. f3 f5 22. gxf6 Nxf6 23. Qxg6 Raf8 24. Bg5 Kb8 25. Rac1 Qb6 26. Qd3 Nh5 27. Kh1 Nf4 28. Bxf4 Rxf4 29. Rc5 Bxc5 30. dxc5 Qxc5 31. Qg6 Qc7 32. Re8+ Rxe8 33.
Qxe8+ Qc8 34. Qe5+ Qc7 35. Qe8+ Qc8 36. Qe5+ Qc7 37.
Qe8+ 1/2-1/2

[Event "*** Titled Tuesday Blitz"]
[Site "Chess.com"]
[Date "2020.05.19"]
[Round "6"]
[White "politeplayer"]
[Black "Gvetadze"]
[Result "0-1"]
[WhiteElo "2209"]
[BlackElo "2400"]
[TimeControl "180+1"]
[EndTime "13:08:53 PDT"]
[Termination "Gvetadze won by resignation"]

1. e4 Nf6 2. e5 Nd5 3. d4 d6 4. Nf3 dxe5 5. Nxe5 c6 6. Be2 Nd7 7. Nxd7 Bxd7 8. O-O Bf5 9. c3 e6 10. Nd2 Be7 11. Nc4 O-O 12. Qb3 Qc7 13. Ne3 Bg6 14. Bf3 Rfd8 15. Bd2 Rac8 16. Rac1 Nf4 17. g3 Nd3 18.
Rcd1 e5 19. dxe5 Nxe5 20. Bg2 Bc5 21. Nc4 Ng4 22. Bf4 Qe7 23. h3 Nxf2 24. Rxf2 Qe2 25. Rf1 Bc2 26. Qxb7 Qxc4 27. Bg5 Rf8 28. Kh2 Bxf2 29.
Rxf2 Bg6 30. Be7 Rfe8 31. Bb4 a5 32. Ba3 h5 33. Qd7 h4 34. gxh4 Qxh4 35. Rd2 Rcd8 36.
Qd4 Rxd4 0-1

[Event "*** Titled Tuesday Blitz"]
[Site "Chess.com"]
[Date "2020.05.19"]
[Round "6"]
[White "Charlottemillard17"]
[Black "novocane"]
[Result "0-1"]
[WhiteElo "1418"]
[BlackElo "2217"]
[TimeControl "180+1"]
[EndTime "13:08:53 PDT"]
[Termination "novocane won by checkmate"]

1. e4 c5 2. Nf3 Nc6 3. d4 cxd4 4. Nxd4 e5 5. Nb3 Nf6 6. Nc3 Bb4 7. Bd3 d5 8. f3 dxe4 9. fxe4 Bxc3+ 10. bxc3 Nxe4 11. O-O Qb6+ 12. Nd4 Nxd4 13. Bxe4 Nxc2+ 14. Kh1 Nxa1 15. Bd5 O-O 16. Qf3 Be6 17. Bh6 Bxd5 18. Qg4 Qxh6 19. Rxa1 Rac8 20. Qb4 Qg6 21. Qb2 Rxc3 22. Qf2 Rfc8 23.
Rg1 Rc1 24. h3 Rxg1+ 25. Kxg1 Rc1+ 26. Kh2 Qb1 27. Kg3 h5 28. h4 Qd3+ 29. Kh2 Qe4 30. Kh3 Rc3+ 31. Kh2 Rc2 32. Qg3 Rxg2+ 33. Qxg2 Qxg2# 0-1

[Event "*** Titled Tuesday Blitz"]
[Site "Chess.com"]
[Date "2020.05.19"]
[Round "6"]
[White "1977Ivan"]
[Black "karinachess1"]
[Result "1-0"]
[WhiteElo "2631"]
[BlackElo "2491"]
[TimeControl "180+1"]
[EndTime "13:08:54 PDT"]
[Termination "1977Ivan won on time"]

1. c4 e6 2. Nc3 d5 3. d4 Nf6 4.
cxd5 exd5 5. Bg5 c6 6. e3 Be7 7. Bd3 Nbd7 8. Nge2 h6 9. Bh4 Nh5 10. Bxe7 Qxe7 11. Qd2 Nb6 12. b3 Bd7 13. f3 Qg5 14.
Kf2 O-O 15. h4 Qf6 16. e4 dxe4 17. Nxe4 Qe7 18. g4 Nf6 19. Nxf6+ Qxf6 20. g5 Qd6 21.
gxh6 Qxh6 22. Qxh6 gxh6 23. Rhg1+ Kh8 24. Nf4 Rg8 25. Nh5 Nd5 26. Be4 Be6 27. Bxd5 Bxd5 28. Nf6 Rxg1 29. Rxg1 Rd8 30. Ke3 Be6 31. Ke4 a5 32. Ke5 a4 33. bxa4 Bxa2 34. a5 Bc4 35. f4 Ra8 36. Kd6 Ba6 37. f5 Bc4 38. Ke7 Bd5 39.
Nxd5 cxd5 40. Kxf7 Rxa5 41. f6 Ra8 42. Rb1 Ra7 43.
Rb6 Kh7 44. h5 Kh8 45. Kg6 Kg8 46. Re6 Kf8 47. Re7 1-0